 Dungeon Crawl Stone Soup version 0.31-a0-700-gf13585253f (webtiles) character file.

Game seed: 14763843812682437854

219 qw the Shooter (level 5, -2/32 HPs)
             Began as a Gargoyle Hunter on Sept 7, 2023.
             Killed by divine providence
             ... invoked by an orc priest
              (16 damage)
             ... on level 4 of the Dungeon.
             The game lasted 00:00:56 (2616 turns).

qw the Shooter (Gargoyle Hunter)                    Turns: 2616, Time: 00:00:57

Health: -2/32      AC:  9    Str: 15    XL:     5   Next: 96%
Magic:  5/5        EV: 11    Int:  9    God:
Gold:   158        SH:  0    Dex: 15    Spells: 4/4 levels left

rFire   . . .        Y - +0 shortbow
rCold   . . .        (shield currently unavailable)
rNeg    + . .        e - +0 ring mail
rPois   inf          (no helmet)
rElec   +            (no cloak)
rCorr   .            (no gloves)
SInv    .            (no boots)
Will    .....        (no amulet)
Stlth   +            (no ring)
HPRegen 0.25/turn    (no ring)
MPRegen 0.09/turn

%: no passive effects
@: no status effects
A: sickness immunity, AC +4, negative energy resistance 1, electricity
resistance, torment resistance 1, petrification resistance
a: no special abilities


You were on level 4 of the Dungeon.
You visited 1 branch of the dungeon, and saw 4 of its levels.

You collected 158 gold pieces.


Innate Abilities, Weirdness & Mutations

You are immune to sickness and miasma.
Your stone body is resilient. (AC +4)
You are immune to poison.
You resist negative energy. (rN+)
You are resistant to electric shocks. (rElec)
You are resistant to unholy torment.
You are immune to petrification.


   Skills:
 + Level 3.0 Fighting
 - Level 6.3 Ranged Weapons
 - Level 2.0 Armour
 - Level 1.5 Dodging
 - Level 1.1 Stealth


You had 4 spell levels left.
You didn't know any spells.
Your spell library was empty.

Inventory:

Hand Weapons
 Y - a +0 shortbow (weapon)
Armour
 e - a +0 ring mail (worn)
Potions
 a - a potion of curing
 c - a potion of mutation {unknown}
 d - a potion of haste {unknown}
 f - a potion of heal wounds {unknown}

Dungeon Overview and Level Annotations

Branches:
Dungeon (4/15)
 Temple: D:4-7

Altars:

Shops:
D:1 (   D:2 [


Message History

Beogh smites you!
The orc wizard hits you but does no damage.
Enter note:
2608 |||
Found retreat position at 1,-2 (floor) with 0 blocking monsters and 1 monsters attacking at destination at distance 2
Enter note:
2608 ||| Stepping ~*~*~tactically~*~*~ (retreating).
The orc wizard points at you and mumbles some strange words.
The magic dart hits you.
You shoot an arrow.
The arrow closely misses the orc wizard.
You shoot an arrow. The arrow hits the orc wizard.
The orc wizard is lightly wounded.
You shoot an arrow. The arrow hits the orc wizard.
The orc wizard is moderately wounded.
The orc wizard closely misses you.
You shoot an arrow. The arrow hits the orc wizard.
The orc wizard is moderately wounded.
The orc priest calls upon Beogh to heal the orc wizard.
The orc wizard is healed somewhat.
The orc wizard hits you but does no damage.
The orc priest barely misses you.
You shoot an arrow.
The arrow closely misses the orc wizard.
The orc wizard hits you with a +0 dagger.
The orc priest misses you.
You shoot an arrow.
The arrow hits the orc wizard but does no damage.
The orc wizard is lightly wounded.
The orc wizard hits you with a +0 dagger.
The orc priest hits you but does no damage.
The orc wizard completely misses you.
Enter note:
2615 |||
Found retreat position at 0,-1 (floor) with 0 blocking monsters and 1 monsters attacking at destination at distance 1
2615 ||| Stepping ~*~*~tactically~*~*~ (retreating).
You shoot an arrow.
The arrow hits the orc priest but does no damage.
The orc priest calls down the wrath of Beogh upon you.
Beogh smites you!
Ouch! That really hurt!
You die...

######.....#######
#.................
#.####.....#######
##.##########
##..........
######...########
#...##.#.#
#...#..#.#
#...#.##@#
#..oo.##o#
#...##..o#
###...##o###
#.o...##..
..o.>oo.########
....o##.# .... ##.
... .


You could see 2 orc priests and an orc wizard.

Vanquished Creatures
  A scorpion (D:4)
  A hound (D:2)
  4 gnolls (D:3)
  3 adders (D:3)
  A dart slug (D:1)
  10 endoplasms
  3 giant cockroaches (D:3)
  6 goblins
  2 hobgoblins
  2 jackals (D:2)
  5 quokkas
  4 ball pythons (D:1)
  5 bats
  3 frilled lizards
  9 kobolds
  7 rats (D:1)
66 creatures vanquished.

Notes
Turn   | Place    | Note
-------+----------+-------------------------------------------
     0 | D:1      | qw the Gargoyle Hunter began the quest for the Orb.
     0 | D:1      | Reached XP level 1. HP: 12/12 MP: 1/1
     0 | D:1      | 0 ||| qw: Version: 0.3-a-76-g4403597
     0 | D:1      | 0 ||| qw: Game counter: 565
     0 | D:1      | 0 ||| qw: Melee chars always use a shield: true
     0 | D:1      | 0 ||| qw: God list: Okawaru
     0 | D:1      | 0 ||| qw: Allow faded altars: false
     0 | D:1      | 0 ||| qw: Do Orc after clearing Dungeon:15 true
     0 | D:1      | 0 ||| qw: Do second Lair branch before Depths: true
     0 | D:1      | 0 ||| qw: Lair rune preference: random
     0 | D:1      | 0 ||| qw: Goals: Normal
     0 | D:1      | 0 ||| PLANNING D:1-11
     4 | D:1      | Found Jefoh's Antique Weapon Emporium.
    11 | D:1      | 11 ||| SHOPLISTING runed sling (121 gold, have 0).
   128 | D:1      | Reached XP level 2. HP: 8/17 MP: 2/2
   391 | D:1      | Reached XP level 3. HP: 21/21 MP: 3/3
   430 | D:1      | Reached skill level 5 in Ranged Weapons
  1107 | D:1      | 1107 ||| UPGRADING to +0 ring mail.
  1117 | D:1      | 1117 ||| DROPPING +0 leather armour.
  1118 | D:1      | 1118 ||| READING scroll labelled MOERASCH BEOGO.
  1119 | D:1      | 1119 ||| READING scroll labelled RIUSTR SOCUL.
  1123 | D:1      | 1123 ||| DROPPING scroll of butterflies.
  1328 | D:2      | Found Tili Jeass's Antique Armour Boutique.
  1338 | D:2      | Reached XP level 4. HP: 23/27 MP: 4/4
  1669 | D:2      | Found a faded altar of an unknown god.
  1862 | D:2      | 1862 ||| READING scroll labelled ECAZIPL REAM.
  1863 | D:2      | 1863 ||| DRINKING 2 fuming golden potions.
  1912 | D:3      | Reached skill level 3 in Fighting
  1979 | D:3      | 1979 ||| RETREATING.
  1985 | D:3      | 1985 ||| Stepping ~*~*~tactically~*~*~ (retreating).
  1986 | D:3      | 1986 ||| Stepping ~*~*~tactically~*~*~ (retreating).
  1987 | D:3      | 1987 ||| Stepping ~*~*~tactically~*~*~ (retreating).
  1988 | D:3      | 1988 ||| Stepping ~*~*~tactically~*~*~ (retreating).
  2005 | D:3      | Reached XP level 5. HP: 20/32 MP: 5/5
  2064 | D:3      | 2064 ||| FLEEEEING.
  2065 | D:3      | 2065 ||| FLEEEEING.
  2066 | D:3      | 2066 ||| FLEEEEING.
  2067 | D:3      | 2067 ||| FLEEEEING.
  2068 | D:3      | 2068 ||| FLEEEEING.
  2069 | D:3      | 2069 ||| FLEEEEING.
  2070 | D:3      | 2070 ||| FLEEEEING.
  2071 | D:3      | 2071 ||| FLEEEEING.
  2072 | D:3      | 2072 ||| FLEEEEING.
  2073 | D:3      | 2073 ||| FLEEEEING.
  2074 | D:3      | 2074 ||| FLEEEEING.
  2075 | D:3      | 2075 ||| FLEEEEING.
  2076 | D:3      | 2076 ||| FLEEEEING.
  2077 | D:3      | 2077 ||| FLEEEEING.
  2078 | D:3      | 2078 ||| STAIRDANCE
  2358 | D:3      | 2358 ||| DRINKING 2 metallic brown potions.
  2359 | D:3      | 2359 ||| DROPPING potion of brilliance.
  2384 | D:4      | 2384 ||| PLANNING SEWER
  2481 | D:4      | Reached skill level 6 in Ranged Weapons
  2595 | D:4      | 2595 ||| RETREATING.
  2608 | D:4      | 2608 ||| Stepping ~*~*~tactically~*~*~ (retreating).
  2615 | D:4      | 2615 ||| Stepping ~*~*~tactically~*~*~ (retreating).
  2616 | D:4      | Killed from afar by an orc priest

Levels and vault maps discovered:
D:1:      scummos_arrival_forest, layout_basic, serial_shops, shop_statue,
          hex_medium
D:2:      layout_loops_ring, serial_shops, nicolae_shop_just_a_little_nook,
          hellmonk_ecumenical_altar_pennies_from_heaven, kennysheep_donut
D:3:      layout_rooms
D:4:      layout_basic, mainiacjoe_overflow_paths, gup_sewer_entry_bowl,
          gammafunk_ghost_arena

Skill      XL: |  1  2  3  4  5 |
---------------+----------------+-----
Ranged Weapons | 5 6 |  6.3
Armour         | 2 |  2.0
Fighting       | 3 |  3.0
Dodging        | |  1.5
Stealth        | |  1.1

Action                     |  1- 3 |  4- 6 || total
---------------------------+-------+-------++-------
   Fire: Shortbow          |    99 |   108 ||   207
    Use: Scroll            |     2 |     1 ||     3
         Potion            |       |     2 ||     2
 Armour: Leather armour    |    14 |       ||    14
         Ring mail         |    11 |    42 ||    53
  Dodge: Dodged            |    15 |    30 ||    45

Table legend:
 A = Non-vault XP
 B = Vault XP
 C = Vault XP percentage of total XP
 D = Non-vault monster count
 E = Vault monster count
 F = Vault count percentage of total count
                 A         B        C        D         E       F
            +---------+---------+-------+---------+---------+-------
      Total |     313 |       0 |   0.0 |      66 |       0 |   0.0
            +---------+---------+-------+---------+---------+-------
        D:1 |      52 |       0 |   0.0 |      32 |       0 |   0.0
        D:2 |      51 |       0 |   0.0 |       7 |       0 |   0.0
        D:3 |     120 |       0 |   0.0 |      22 |       0 |   0.0
        D:4 |      90 |       0 |   0.0 |       5 |       0 |   0.0
            +---------+---------+-------+---------+---------+-------
